 Dungeon Crawl Stone Soup version 0.25-a0-302-g9f758675c1 (webtiles) character file.

Game seed: 7355929861605105718, levelgen mode: deterministic

162 Glalom the Poker (level 5, 0/38 HPs)
             Began as a Merfolk Skald on Dec 20, 2019.
             Slain by a gnoll
             ... wielding a +0 flail of holy wrath
              (14 damage)
             ... on level 3 of the Dungeon.
             The game lasted 00:10:13 (5237 turns).

Glalom the Poker (Merfolk Skald)                    Turns: 5237, Time: 00:10:14

Health: 0/38       AC:  4    Str: 11    XL:     5   Next: 43%
Magic:  8/8        EV: 16    Int: 13    God:
Gold:   150        SH:  0    Dex: 14    Spells: 2/8 levels left

rFire    . . .     SeeInvis .   a - +0 spear
rCold    . . .     Gourm    .   (no shield)
rNeg     . . .     Faith    .   b - +0 leather armour
rPois    .         Spirit   .   (no helmet)
rElec    .         Reflect  .   s - +0 cloak
rCorr    .         Harm     .   (no gloves)
MR       .....                  (no boots)
Stlth    +.........             (no amulet)
HPRegen  0.12/turn              o - +4 ring of evasion
MPRegen  0.11/turn              (no ring)

@: no status effects
A: change form in water, swift swim, stealthy swim
a: no special abilities


You were on level 3 of the Dungeon.
You were not hungry.

You visited 1 branch of the dungeon, and saw 3 of its levels.

You collected 150 gold pieces.

Inventory:

Hand Weapons
 a - a +0 spear (weapon)
Missiles
 f - 2 silver boomerangs (quivered)
 h - 5 boomerangs
Armour
 b - a +0 leather armour (worn)
 s - a +0 cloak (worn)
Jewellery
 o - a +4 ring of evasion (left hand)
 t - an uncursed amulet of guardian spirit
Scrolls
 c - 5 scrolls of identify
 g - 3 scrolls of teleportation {unknown}
 i - a scroll of immolation {unknown}
 l - 3 scrolls of enchant weapon {unknown}
 n - a scroll of amnesia {unknown}
 p - a scroll of magic mapping {unknown}
 q - a scroll of blinking {unknown}
 u - a scroll of random uselessness {unknown}
Potions
 e - a potion of degeneration {unknown}
 j - a potion of might
 k - a potion of mutation {unknown}
 m - a potion of invisibility {unknown}
 r - a potion of brilliance {unknown}
Comestibles
 d - 7 rations


   Skills:
 - Level 2.1 Fighting
 - Level 6.1 Polearms
 - Level 0.6 Armour
 - Level 2.6 Dodging
 - Level 2.0 Spellcasting
 + Level 1.5 Hexes
 + Level 4.6 Charms


You had 2 spell levels left.
You knew the following spells:

 Your Spells              Type           Power        Failure   Level  Hunger
a - Infusion              Chrm           ##..         4%          1    ##.....
b - Shroud of Golubria    Chrm/Tloc      #.....       21%         2    ###....
c - Spectral Weapon       Hex/Chrm       #.......     28%         3    ####...

Your spell library contained the following spells:

 Spells                   Type           Power        Failure   Level  Hunger
 Song of Slaying          Chrm           ##......     8%          2    ###....
 Regeneration             Chrm/Necr      #.........   36%         3    ####...


Dungeon Overview and Level Annotations

Branches:
Dungeon (3/15)

Altars:


Message History

You hit the gnoll but do no damage.
The gnoll is lightly wounded.
You barely miss the gnoll.
The gnoll is lightly wounded.
The gnoll hits you with a +0 flail of holy wrath.
You barely miss the gnoll.
The gnoll is lightly wounded.
The gnoll completely misses you.
You hit the gnoll but do no damage.
The gnoll is lightly wounded.
The gnoll barely misses you.
You barely miss the gnoll.
The gnoll is lightly wounded.
The gnoll hits you but does no damage.
You hit the gnoll but do no damage.
The gnoll is lightly wounded.
The gnoll closely misses you.
The gnoll hits you from afar with a +0 halberd!
The gnoll hits you with a +0 flail of holy wrath!
You die...

.......# #....##.# #.o.o...
.#.#.#..# #.......# #####.##
........# ###.##### #.#
#####.#.# #.# #.# ##...# ##'##
###o# #..### ##...## #...#
##.##### ##.gg..## ##.###
#......# ##..g....## ##oo#
#..#...####...@.....####...####
#...).....'.........'..........
#..#...####.........####...####
#......# ##.......## #...# #
##.##### ##.....## #.#.#### #.#
##...## #.#...## #.# ##'##
#.###.## #.# #.# #.# #.##
#.######## #.# #.###.##


You could see 3 gnolls.

Vanquished Creatures
  3 gnolls (D:2)
  5 adders
  3 dart slugs (D:1)
  2 leopard geckos (D:2)
  5 orcs (D:3)
  6 bats
  3 giant cockroaches (D:2)
  8 goblins
  11 hobgoblins
  2 jackals (D:3)
  11 kobolds
  4 frilled lizards
  11 rats
74 creatures vanquished.

Notes
Turn   | Place    | Note
-------+----------+-------------------------------------------
     0 | D:1      | Glalom the Merfolk Skald began the quest for the Orb.
     0 | D:1      | Reached XP level 1. HP: 16/16 MP: 3/3
    84 | D:1      | Noticed an ogre
    86 | D:1      | Noticed an ogre
    91 | D:1      | Noticed an ogre
    91 | D:1      | Noticed an ogre
   142 | D:1      | Reached skill level 4 in Polearms
   142 | D:1      | Reached XP level 2. HP: 22/22 MP: 0/5
  1049 | D:1      | Reached skill level 5 in Polearms
  1049 | D:1      | Reached XP level 3. HP: 22/27 MP: 6/6
  2402 | D:2      | Reached XP level 4. HP: 15/33 MP: 0/7
  2660 | D:2      | Reached skill level 6 in Polearms
  2735 | D:2      | Learned a level 2 spell: Shroud of Golubria
  2739 | D:2      | Learned a level 3 spell: Spectral Weapon
  3380 | D:2      | Reached XP level 5. HP: 38/38 MP: 8/8
  3618 | D:2      | Reached skill level 1 in Hexes
  3637 | D:2      | HP: 1/38 [poisoned by an adder]
  5237 | D:3      | Slain by a gnoll

Levels and vault maps discovered:
D:1:      erik_arrival_cave_to_civilisation [erik_arrival_cave_to_temple],
          layout_basic
D:2:      lemuel_upstairs_altar, layout_basic, kennysheep_generic_room_14
D:3:      layout_loops_corners, serial_glass, glass_columns_b, glass_columns_c,
          first_ration

Skill      XL: |  1  2  3  4  5 |
---------------+----------------+-----
Polearms       | 4 5 6 |  6.1
Charms         | 4 |  4.6
Hexes          | 1 |  1.5
Fighting       | |  2.1
Armour         | |  0.6
Dodging        | |  2.6
Spellcasting   | |  2.0

Action                   |  1- 3 |  4- 6 || total
-------------------------+-------+-------++-------
Melee: Spear             |   135 |   214 ||   349
 Cast: Infusion          |     9 |     5 ||    14
       Shroud of Golubri |       |     2 ||     2
  Use: Scroll            |       |     2 ||     2
 Stab: Sleeping          |     1 |     2 ||     3
  Eat: Chunk             |     2 |     3 ||     5
       Ration            |     1 |     2 ||     3
Armor: Leather armour    |    22 |    21 ||    43
Dodge: Dodged            |    78 |    98 ||   176

Table legend:
 A = Non-vault XP
 B = Vault XP
 C = Vault XP percentage of total XP
 D = Non-vault monster count
 E = Vault monster count
 F = Vault count percentage of total count
                 A         B        C        D         E       F
            +---------+---------+-------+---------+---------+-------
      Total |     225 |       7 |   3.0 |      71 |       3 |   4.1
            +---------+---------+-------+---------+---------+-------
        D:1 |      39 |       6 |  13.3 |      23 |       2 |   8.0
        D:2 |     135 |       1 |   0.7 |      28 |       1 |   3.4
        D:3 |      51 |       0 |   0.0 |      20 |       0 |   0.0
            +---------+---------+-------+---------+---------+-------
